 Dungeon Crawl Stone Soup version 0.30-b1-2-g02819fbbbe (webtiles) character file.

Game seed: 17257607870597457440

14 Alarkh the Slasher (level 2, 19/22 HPs)
             Began as a Demonspawn Warper on May 23, 2023.
             Got out of the dungeon alive.
             The game lasted 00:00:22 (178 turns).

Alarkh the Slasher (Demonspawn Warper)               Turns: 178, Time: 00:00:22

Health: 19/22      AC:  3    Str: 11    XL:     2   Next: 31%
Magic:  5/5        EV: 11    Int: 14    God:
Gold:   28         SH:  4    Dex: 12    Spells: 5/5 levels left

rFire   + . .        a - +0 falchion
rCold   . . .        (no shield)
rNeg    . . .        b - +0 leather armour
rPois   .            (no helmet)
rElec   .            (no cloak)
rCorr   .            (no gloves)
SInv    .            (no boots)
Will    .....        (no amulet)
Stlth   +            f - ring of protection from fire
HPRegen 0.23/turn    (no ring)
MPRegen 0.09/turn

%: no passive effects
@: no status effects
A: large bone plates 1
a: no special abilities


You escaped.
You visited 1 branch of the dungeon, and saw 1 of its levels.

You collected 28 gold pieces.

Inventory:

Hand Weapons
 a - a +0 falchion (weapon)
Missiles
 d - 7 boomerangs of dispersal (quivered)
Armour
 b - a +0 leather armour (worn)
Jewellery
 f - a ring of protection from fire (left hand)
Scrolls
 c - a scroll of blinking
 g - a scroll of identify {unknown}
Potions
 e - a potion of berserk rage {unknown}


   Skills:
 - Level 2.0 Fighting
 + Level 2.7 Long Blades
 - Level 0.8 Throwing
 - Level 0.8 Armour
 - Level 1.7 Dodging
 - Level 2.0 Spellcasting
 - Level 2.6 Translocations


You had 5 spell levels left.
You didn't know any spells.
Your spell library contained the following spells:

 Spells                   Type           Power      Damage    Failure   Level
 Blink                    Tloc           16%        N/A       16%         2
 Lesser Beckoning         Tloc           16%        N/A       16%         2
 Teleport Other           Tloc           8%         N/A       30%         3
 Vhi's Electric Charge    Tloc/Air       10%        N/A       47%         3
 Manifold Assault         Tloc           8%         N/A       71%         4


Dungeon Overview and Level Annotations

Branches:
Dungeon (1/15)

Altars:


Innate Abilities, Weirdness & Mutations

You are partially covered in large bone plates. (SH +4)


Message History

Things that are here:
a +0 whip; a hobgoblin corpse A bat is nearby!
You are too injured to fight recklessly!
The bat barely misses you. The bat misses you.
The bat hits you but does no damage.
You closely miss the bat. The bat hits you.
The bat hits you but does no damage.
A frilled lizard comes into view.
You completely miss the bat. The bat hits you.
You barely miss the bat. The bat barely misses you.
The frilled lizard bites something.
You barely miss the bat. The bat hits you but does no damage.
The bat barely misses you. You block the bat's attack.
You slash the bat!
You kill the bat!
Things that are here:
a +0 whip; a hobgoblin corpse You see here a +0 sling.
A frilled lizard is nearby!
You can't go up here!
You see here a +0 sling.
The frilled lizard bites you.
You hit the frilled lizard.
You kill the frilled lizard!
No target in view!
No target in view!
No target in view!
No target in view!
No target in view!
No target in view!
No target in view!
No target in view!
No target in view!
You see here a +0 sling.
You see here a jackal corpse.
There is a staircase leading out of the dungeon here.
Are you sure you want to leave the Dungeon?
This will make you lose the game!
You have escaped!

##### ##...##
##..#..########
######.)#.#......(.##
#......#...#........#
#.#####.....#####.#.#
#..#...........#....#
#...#....@....#..#
#...#.........#..##
##..#...........#..#
#..#####.....#####....
#.......#...#......#.#
#.......)#.#..###### #
######........#..##
#....................
#.####.#...###.#.####


There were no monsters in sight!

Vanquished Creatures
  A dart slug (D:1)
  A bat (D:1)
  An endoplasm (D:1)
  2 hobgoblins (D:1)
  2 jackals (D:1)
  2 kobolds (D:1)
  A frilled lizard (D:1)
10 creatures vanquished.

Vanquished Creatures (others)
  5 fungi (D:1)
  A toadstool (D:1)
6 creatures vanquished.

Grand Total: 16 creatures vanquished

Notes
Turn   | Place    | Note
-------+----------+-------------------------------------------
     0 | D:1      | Alarkh the Demonspawn Warper began the quest for the Orb.
     0 | D:1      | Reached XP level 1. HP: 16/16 MP: 3/3
   120 | D:1      | Gained mutation: You are partially covered in large bone
                  | plates. (SH +4) [demonic ancestry]
   120 | D:1      | Reached XP level 2. HP: 13/22 MP: 5/5
   178 | D:$      | Got out of the dungeon alive.

Illustrated notes

Levels and vault maps discovered:
D:1:      scummos_arrival_star, layout_loops_ring, minmay_gold_behind_fungi,
          chequers_serial_rivers_room_a

Skill      XL: |  1 |
---------------+----+-----
Long Blades    | 2 |  2.7
Fighting       | |  2.0
Throwing       | |  0.8
Armour         | |  0.8
Dodging        | |  1.7
Spellcasting   | |  2.0
Translocations | |  2.6

Action                     || total
---------------------------++-------
  Melee: Falchion          ||    38
 Armour: Leather armour    ||    11
  Dodge: Dodged            ||    24
  Block: Other             ||     2
